 Dungeon Crawl Stone Soup version 0.30-a0-986-g7f2e898f52 (webtiles) character file.

Game seed: 8431802845264006707

851 Darkkill the Shooter (level 7, 0/62 HPs)
             Began as a Minotaur Hunter on Apr 1, 2023.
             Was an Initiate of Gozag.
             Slain by a wyvern zombie (10 damage)
             ... in an ossuary.
             The game lasted 00:05:38 (4309 turns).

Darkkill the Shooter (Minotaur Hunter)              Turns: 4309, Time: 00:05:39

Health: 0/62       AC:  4    Str: 15    XL:     7   Next: 69%
Magic:  6/6        EV: 14    Int:  6    God:    Gozag
Gold:   633        SH:  0    Dex: 16    Spells: 6/6 levels left

rFire   . . .      SeeInvis +    d - +6 arbalest "Tugget" {penet, rN++ SInv}
rCold   . . .      Faith    .    (shield currently unavailable)
rNeg    + + .      Spirit   .    c - +1 leather armour
rPois   .          Reflect  .    (helmet restricted)
rElec   .          Rampage  .    (no cloak)
rCorr   .                        (no gloves)
Will    .....                    (no boots)
Stlth   +                        (no amulet)
HPRegen 0.30/turn                (no ring)
MPRegen 0.10/turn                (no ring)

@: very slow
A: horns 2, retaliatory headbutt
a: Renounce Religion, Potion Petition, Call Merchant, Bribe Branch


You were in an ossuary.
You worshipped Gozag.
Gozag was pleased with you.
You visited 1 branch of the dungeon, and saw 6 of its levels.
You also visited: Ossuary.

You collected 652 gold pieces.
You paid 19 gold pieces to Gozag.

Inventory:

Hand Weapons
 d - the +6 arbalest "Tugget" (weapon) {penet, rN++ SInv}
   (You acquired it in an ossuary)

   rN:        It greatly protects you from negative energy.
   SInv:      It lets you see invisible.
Missiles
 i - 26 stones
 l - 6 poisoned darts
Armour
 c - a +1 leather armour (worn)
Wands
 o - a wand of polymorph (6)
Scrolls
 b - a scroll of immolation
 f - a scroll of fog
 p - a scroll of enchant weapon
 q - a scroll of amnesia
 s - a scroll of identify {@r1}
Potions
 e - 2 potions of brilliance
 g - a potion of haste
 h - 2 potions of attraction {unknown}
 j - a potion of lignification {unknown}
 k - a potion of cancellation
 m - 2 potions of mutation
 n - 2 potions of flight {unknown}
 u - a potion of degeneration {unknown}
 v - a potion of berserk rage {unknown}


   Skills:
 + Level 5.7 Fighting
 + Level 6.5 Ranged Weapons
 + Level 5.1 Dodging
 + Level 3.9 Stealth


You had 6 spell levels left.
You didn't know any spells.
Your spell library contained the following spells:

 Spells                   Type           Power      Damage    Failure   Level
 Shock                    Conj/Air       0%         1d3       52%         1
 Sting                    Tmut/Pois      0%         1d3       52%         1
 Poisonous Vapours        Pois/Air       0%         N/A       67%         2
 Sublimation of Blood     Necr           0%         N/A       67%         2
 Wereblood                Tmut           0%         N/A       67%         2
 Gell's Gravitas          Tloc           0%         N/A       88%         3
 Swiftness                Air            0%         N/A       88%         3
 Teleport Other           Tloc           0%         N/A       88%         3
 Airstrike                Air            0%         2d(0-16)  99%         4
 Olgreb's Toxic Radiance  Pois           0%         N/A       99%         4
 Dispersal                Tloc           0%         N/A       100%        6
 Summon Hydra             Summ           0%         N/A       100%        7


Dungeon Overview and Level Annotations

Branches:
Dungeon (6/15)             Temple (0/1) D:5         Ossuary (1/1)

Altars:
Gozag

Shops:
D:4 (


Innate Abilities, Weirdness & Mutations

You have a pair of horns on your head.
You reflexively headbutt those who attack you in melee.


Message History

You sense a monster nearby.
You shoot an arrow. The arrow hits the mummy.
The arrow burns the mummy.
The mummy is lightly damaged.
A bullfrog zombie comes into view.
You shoot an arrow. The arrow hits the mummy!
The arrow burns the mummy.
The mummy is severely damaged.
A bullfrog zombie comes into view.
The mummy hits you!!
You shoot an arrow.
The arrow hits the mummy but does no damage.
The mummy is severely damaged.
A mummy comes into view. x2
You shoot an arrow. The arrow hits the mummy.
The arrow burns the mummy.
The mummy is almost destroyed.
The bullfrog zombie misses you. The mummy closely misses you.
A bog mummy comes into view.
As you read the scroll of teleportation, it crumbles to dust.
You feel strangely unstable. The bullfrog zombie closely misses you.
You furiously retaliate!
You headbutt the bullfrog zombie. The bullfrog zombie barely misses you.
The mummy misses you.
The bullfrog zombie attacks as you move away!
The bullfrog zombie closely misses you.
Your surroundings suddenly seem different.
Found nine items.
d - a scroll labelled WOEHAALAAL
h - 2 bubbling ruby potions
p - a scroll of enchant weapon
r - a scroll labelled ZYAPTI VEIZXUU
s - a scroll of identify {@r1}
t - a potion of curing {@q1}
u - a clear potion
m - 2 potions of mutation (gained 1)
v - a purple potion
As you read the scroll labelled WOEHAALAAL, it crumbles to dust.
It is a scroll of enchant armour.
Your +0 leather armour glows green for a moment.
This is a scroll of acquirement!
Something appears at your feet!
d - the +6 arbalest "Tugget" {penet, rN++ SInv} Your +2 shortbow of flaming stops flaming.
Your hands briefly pass through it before you manage to get a firm grip on it.
d - the +6 arbalest "Tugget" (weapon)
{penet, rN++ SInv} You drop a +2 shortbow of flaming.
HP restored.
You enter the shallow water.
Moving in this stuff is going to be slow.
A wyvern zombie and a bog mummy come into view.
The wyvern zombie moves out of view.
A bog mummy is nearby!
You shoot a bolt.
The bolt completely misses the bog mummy.
A bog mummy comes into view.
You shoot a bolt. The bolt pierces through the bog mummy!
The bog mummy is heavily damaged.
There are monsters nearby!
You shoot a bolt.
The bolt pierces through the wyvern zombie.
The wyvern zombie is lightly damaged.
The wyvern zombie barely misses you. The wyvern zombie bites you.
The bog mummy casts a spell at you. You resist with some effort.
You shoot a bolt.
The bolt pierces through the wyvern zombie!
The wyvern zombie is moderately damaged.
The wyvern zombie bites you! x2
You are too injured to fight recklessly!
You are too injured to fight recklessly!
You are too injured to fight recklessly!
Fire: d) +6 arbalest "Tugget" {penet, rN++ SInv}
Press: ? - help, Q - select action, (/) - cycle Shift-Dir - straight line, f/p - wyvern zombie
Aim: a wyvern zombie (moderately damaged, 82% to hit)
You shoot a bolt.
The bolt pierces through the wyvern zombie!!
The wyvern zombie is severely damaged.
The wyvern zombie bites you! The wyvern zombie closely misses you.
You furiously retaliate!
You headbutt the wyvern zombie.
Fire: d) +6 arbalest "Tugget" {penet, rN++ SInv}
Press: ? - help, Q - select action, (/) - cycle Shift-Dir - straight line, f/p - wyvern zombie
Aim: a wyvern zombie (severely damaged, 82% to hit)
Okay, then.
Fire: d) +6 arbalest "Tugget" {penet, rN++ SInv}
Press: ? - help, Q - select action, (/) - cycle Shift-Dir - straight line, f - bog mummy, p - wyvern zombie
Aim: a bog mummy (heavily damaged, 79% to hit)
You shoot a bolt. The bolt barely misses the bog mummy.
The wyvern zombie bites you! x2; The bog mummy barely misses you.
You furiously retaliate!
You headbutt the bog mummy.
Fire: d) +6 arbalest "Tugget" {penet, rN++ SInv}
Press: ? - help, Q - select action, (/) - cycle Shift-Dir - straight line, f/p - bog mummy
Aim: a bog mummy (heavily damaged, 79% to hit)
You shoot a bolt. The bolt barely misses the bog mummy.
The bolt pierces through the bog mummy.
The bog mummy is moderately damaged.
The wyvern zombie barely misses you. The wyvern zombie bites you.
* * * LOW HITPOINT WARNING * * *
The bog mummy closely misses you. The wyvern zombie bites you!
* * * LOW HITPOINT WARNING * * *
Unknown command.
You feel better. The wyvern zombie bites you!
You die...
Your body crumbles into a pile of gold.

#.#####
+M#...# .~
###.'.∩.# .~
#.MZ#..∩# ~~
###Z#####
~## +.+ ~~ ≈
#M#
#####.###≈≈#
+M#
#...#~~P~≈≈#
#.' #...@MM#
+.#
#)..#Z.P~#
#.#
#####.#~#≈#
.. ~# .≈~ ≈#
.#≈# # ≈≈≈#
##≈#


You could see 2 bog mummies and a wyvern zombie.

Vanquished Creatures
  2 ogres
  2 phantoms (D:5)
  A scorpion (D:5)
  4 hounds
  A sleepcap (D:5)
  3 iguanas
  Robin (D:3)
  2 gnolls (D:6)
  6 adders
  A shadow imp (D:5)
  A white imp (D:5)
  A worm (D:3)
  7 orcs
  4 ball pythons
  4 bats
  2 endoplasms
  2 giant cockroaches
  8 goblins
  12 hobgoblins
  3 quokkas
  3 frilled lizards
  3 kobolds
  3 rats (D:1)
76 creatures vanquished.

Vanquished Creatures (collateral kills)
  A centaur (D:5)
1 creature vanquished.

Grand Total: 77 creatures vanquished

Notes
Turn   | Place    | Note
-------+----------+-------------------------------------------
     0 | D:1      | Darkkill the Minotaur Hunter began the quest for the Orb.
     0 | D:1      | Reached XP level 1. HP: 18/18 MP: 0/0
   187 | D:1      | Reached skill level 1 in Stealth
   199 | D:1      | Reached XP level 2. HP: 10/25 MP: 1/1
   805 | D:2      | Found an opulent altar of Gozag.
   849 | D:2      | Became a worshipper of Gozag Ym Sagoz the Greedy
   872 | D:2      | Reached XP level 3. HP: 23/31 MP: 2/2
  1556 | D:3      | Reached XP level 4. HP: 20/38 MP: 3/3
  1853 | D:3      | Noticed Robin
  1856 | D:3      | Reached skill level 5 in Ranged Weapons
  1870 | D:3      | Killed Robin
  2513 | D:4      | Noticed an ogre
  2517 | D:4      | Killed an ogre
  2518 | D:4      | Reached XP level 5. HP: 46/46 MP: 4/4
  2866 | D:4      | Found Cenaer's Weapon Shoppe.
  3159 | D:5      | Entered Level 5 of the Dungeon
  3167 | D:5      | Noticed a phantom
  3173 | D:5      | Killed a phantom
  3174 | D:5      | Reached XP level 6. HP: 48/53 MP: 5/5
  3378 | D:5      | Reached skill level 5 in Fighting
  3378 | D:5      | Reached skill level 6 in Ranged Weapons
  3414 | D:5      | Reached XP level 7. HP: 61/61 MP: 6/6
  3705 | D:5      | Reached skill level 5 in Dodging
  3927 | D:5      | Found a staircase to the Ecumenical Temple.
  4227 | D:6      | Found a sand-covered staircase.
  4232 | Ossuary  | Entered an ossuary
  4264 | Ossuary  | Identified a scroll of acquirement
  4264 | Ossuary  | Acquired the +6 arbalest "Tugget" {penet, rN++ SInv}
  4308 | Ossuary  | HP: 3/62 [wyvern zombie (12)]
  4309 | Ossuary  | Slain by a wyvern zombie

Illustrated notes

Levels and vault maps discovered:
D:1:      saegor_arrival_simple_c, layout_rooms, minmay_splitting_lines,
          nicolae_eternal_life, minmay_bisected
D:2:      layout_basic, basic_altar, minmay_ruptured
D:3:      layout_loops_cross, uniq_robin
D:4:      layout_loops_ring, nicolae_take_the_stairs
D:5:      layout_basic, minmay_temple_entry_glassed_door
D:6:      layout_loops_ring, amethyst_overflow_temple_binary,
          lightli_ossuary_entry_decrepit_ruins
Ossuary:  ossuary_zaba_flooded

Skill      XL: |  1  2  3  4  5  6  7 |
---------------+----------------------+-----
Stealth        | 1 2 3 |  3.9
Fighting       | 3 4 5 |  5.7
Dodging        | 3 4 5 |  5.1
Ranged Weapons | 5 6 |  6.5

Action                     |  1- 3 |  4- 6 |  7- 9 || total
---------------------------+-------+-------+-------++-------
   Fire: Shortbow          |    59 |   111 |    48 ||   218
         Arbalest          |       |       |     7 ||     7
    Use: Scroll            |    11 |     5 |     7 ||    23
         Potion            |       |     1 |     3 ||     4
 Armour: Leather armour    |    12 |     6 |     3 ||    21
  Dodge: Dodged            |    21 |    37 |    20 ||    78

Table legend: (Time is in decaauts)
 A = Elapsed time spent in this place.
 B = Non-inter-level travel time spent in this place.
 C = Inter-level travel time spent in this place.
 D = Time resting spent in this place.
 E = Time spent auto-exploring this place.
 F = Levels seen in this place.
 G = Mean time per level.
                   A        B        C        D        E       F      G
               +--------+--------+--------+--------+--------+-----+--------+
         Total |   4371 |   4130 |    241 |    108 |   3476 |   7 |  624.4 |
       Dungeon |   4290 |   4049 |    241 |    108 |   3440 |   6 |  715.0 |
       Ossuary |     81 |     81 |      0 |      0 |     36 |   1 |   81.0 |
               +--------+--------+--------+--------+--------+-----+--------+

Top non-repeatable levels by time:
     D:5: 1022 daAuts
     D:3: 855 daAuts
     D:2: 853 daAuts
     D:4: 797 daAuts
     D:1: 698 daAuts
 Ossuary: 81 daAuts
     D:6: 63 daAuts

Table legend:
 A = Kills in this place as a percentage of kills in the entire game.
 B = Kills by you in this place as a percentage of kills by you in the entire game.
 C = Kills by friends in this place as a percentage of kills by friends in the entire game.
 D = Other kills in this place as a percentage of other kills in the entire game.
 E = Experience gained in this place as a percentage of experience gained in the entire game.
 F = Experience gained in this place divided by the number of levels of this place that you have seen.
                   A       B       C       D       E      F
               +-------+-------+-------+-------+-------+----------------------
         Total | 100.0 | 100.0 | 100.0 |   N/A | 100.0 | 173.9
       Dungeon | 100.0 | 100.0 | 100.0 |   N/A | 100.0 | 202.8
               +-------+-------+-------+-------+-------+----------------------
